 Dungeon Crawl Stone Soup version 0.27-a0-1071-ga85bd9520d (webtiles) character file.

Game seed: 7875448302889165437

214 gimp the Skirmisher (level 5, -14/64 HPs)
             Began as a Djinni Wanderer on Apr 24, 2021.
             Demolished by an ogre
             ... wielding a +0 giant club
              (16 damage)
             ... on level 5 of the Dungeon.
             The game lasted 00:06:22 (3101 turns).

gimp the Skirmisher (Djinni Wanderer)               Turns: 3101, Time: 00:06:23

Health: -14/64     AC: 22    Str: 13    XL:     5   Next: 92%
Gold:   133        EV:  2    Int: 16    God:
                   SH:  0    Dex:  9

rFire    x . .     SeeInvis .   a - +3 spear
rCold    + . .     Faith    .   (no shield)
rNeg     + + +     Spirit   .   (armour currently unavailable)
rPois    ∞         Reflect  .   (helmet currently unavailable)
rElec    .         Harm     .   (cloak currently unavailable)
rCorr    .         Rampage  .   (gloves currently unavailable)
Will     .....     NoTele   +   (boots unavailable)
Stlth    +.........             (no amulet)
HPRegen  0.20/turn              i - ring of ice
MPRegen  0.00/turn              l - ring of wizardry

@: mighty, tree-form
A: stationary, stasis, torment immunity, boosted hp, (fire resistance 2), (cold
vulnerability 1), float, innate caster, hp casting, extra vitality 1
a: no special abilities


You were on level 5 of the Dungeon.
You were a tree.
You visited 1 branch of the dungeon, and saw 5 of its levels.

You collected 133 gold pieces.

Inventory:

Hand Weapons
 a - a +3 spear (weapon)
Missiles
 n - 65 stones
Armour
 b - a +0 ring mail (melded)
 h - a +1 helmet (melded)
 j - a +0 kite shield
Jewellery
 i - a ring of ice (left branch)
 l - a ring of wizardry (right branch)


   Skills:
 - Level 5.0 Fighting
 + Level 2.7 Polearms
 - Level 1.0 Stealth
 - Level 1.0 Shields
 - Level 4.5 Spellcasting


You had 6 spell levels left.
You knew the following spells:

 Your Spells              Type           Power      Damage    Failure   Level
a - Sandblast             Erth           36%        2d10      1%          1
b - Dazzling Flash        Conj/Hex       36%        N/A       3%          3
c - Corona                Hex            20%        N/A       1%          1
d - Corpse Rot            Necr/Air       N/A        N/A       1%          2
Your spell library was empty.

Dungeon Overview and Level Annotations

Branches:
Dungeon (6/15)             Temple (0/1) D:5

Altars:
The Shining One


Innate Abilities, Weirdness & Mutations

You are a tree.
Your roots penetrate the ground, keeping you stationary.
You cannot be teleported.
You are immune to unholy pain and torment.
Your maximum health is greatly increased.
Your equipment is partially melded.
You are immune to poison.
((Your flesh is very heat resistant. (rF++)))
((You are vulnerable to cold. (rC-)))
You float through the air rather than walking.
You learn spells naturally, not from books.
Your magical power is your life essence.
You have superior vitality. (+4 HP)


Message History

The killer bee zombie hits you but does no damage. x2
You now have 49/64 hp.
You closely miss the killer bee zombie.
The killer bee zombie hits you but does no damage.
You hit the killer bee zombie.
The killer bee zombie is moderately damaged.
The killer bee zombie hits you but does no damage.
You hit the ogre.
The ogre is lightly wounded.
You closely miss the ogre.
The ogre is lightly wounded.
The ogre hits you with a +0 giant club!
You take 17 damage, and have 33/64 hp.
MASSIVE DAMAGE!!
You hit the ogre.
The ogre is moderately wounded.
The ogre hits you with a +0 giant club!
* * * LOW HITPOINT WARNING * * *
You take 15 damage, and have 18/64 hp.
MASSIVE DAMAGE!!
Casting: Sandblast (safe; 1% risk of failure)
Confirm with . or Enter, or press ? or * to list all spells.
Aiming: Sandblast (safe; 1% risk of failure)
Press: ? - help, Shift-Dir - straight line, f - ogre
Aim: an ogre, wielding a +0 giant club (moderately wounded, 90% to hit)
The blast of sand hits the ogre but does no damage.
The ogre is moderately wounded.
n - 65 stones
* * * LOW HITPOINT WARNING * * *
The ogre hits you with a +0 giant club!
* * * LOW HITPOINT WARNING * * *
You take 9 damage, and have 9/64 hp.
You feel better.
You regained 11 hp, and now have 20/64 hp.
It was a potion of flight.
Your roots keep you in place.
The ogre hits you with a +0 giant club!!
* * * LOW HITPOINT WARNING * * *
The iguana bites you but does no damage.
You take 18 damage, and have 2/64 hp.
MASSIVE DAMAGE!!
You feel very mighty all of a sudden. The ogre hits you with a +0 giant club!
You die...

*,,***,***,,*** *,,,,,,,,,,...,,
*,,,,*∩#......## *.#*,,,,,,,,...#
*,,,,**#......$###.#*,,,,,,,,,...
,,,,,,,,...........#*******,,,,.#
***,,.,*#.#....##..# ***,,,,,.
***,,..##......##..# *,,,,####
,,,,,.......#......# *,,,,#...
,*******#...#.###l.######.,,,#...
,* *,#.$Z5O♣.........,,,+...
,********,#...####.###########...
,,,,,,,.........................†
,******##.#..######.########.##<.
,*******#.#..# #.## #.####
,**,,,,,.,#..# #..# #..,,,
,**,***#**#..# ##.## #.##**
^,,,,,,,,,...# #..# #.#
,**,********,* ##.#* #.#


You could see an ogre, an iguana, a shadow imp and a killer bee zombie.

Vanquished Creatures
  A hound (D:5)
  A bullfrog skeleton (D:6)
  A hound skeleton (D:5)
  4 gnolls (D:3)
  An adder (D:3)
  A white imp (D:3)
  4 dart slugs
  4 orcs (D:3)
  7 endoplasms
  4 giant cockroaches
  3 goblins
  6 hobgoblins
  7 jackals
  4 quokkas
  5 ball pythons
  4 bats (D:2)
  3 frilled lizards
  A goblin skeleton (D:3)
  A goblin zombie (D:3)
  2 hobgoblin zombies (D:3)
  5 kobolds
  A kobold skeleton (D:3)
  A kobold zombie (D:3)
  2 orc zombies (D:3)
  3 rats
76 creatures vanquished.

Notes
Turn   | Place    | Note
-------+----------+-------------------------------------------
     0 | D:1      | gimp the Djinni Wanderer began the quest for the Orb.
     0 | D:1      | Reached XP level 1. HP: 18/18 MP: 0/0
   121 | D:1      | Found a faded altar of an unknown god.
   150 | D:1      | Reached XP level 2. HP: 24/24 MP: 0/0
   898 | D:1      | Reached skill level 3 in Fighting
   928 | D:1      | Reached XP level 3. HP: 25/30 MP: 0/0
   928 | D:1      | Learned a level 1 spell: Sandblast
  1866 | D:2      | Reached XP level 4. HP: 28/36 MP: 0/0
  2238 | D:3      | Found a glowing golden altar of the Shining One.
  2413 | D:3      | Reached skill level 4 in Fighting
  2756 | D:3      | Reached XP level 5. HP: 30/41 MP: 0/0
  2756 | D:3      | Learned a level 2 spell: Corpse Rot
  2999 | D:3      | You are sucked into a shaft and drop 3 floors!
  3030 | D:5      | Entered Level 5 of the Dungeon
  3049 | D:5      | Reached skill level 5 in Fighting
  3085 | D:5      | Noticed an ogre
  3100 | D:5      | HP: 2/64 [ogre/+0 giant club (18)]
  3101 | D:5      | Demolished by an ogre

Illustrated notes

Levels and vault maps discovered:
D:1:      tarquinn_simple_flora_water_d, layout_loops_ring,
          basic_ecumenical_altar, minmay_split_cup_large
D:2:      layout_loops_ring
D:3:      layout_rooms, nicolae_tso_besieged_by_evil
D:5:      layout_basic, nicolae_overflow_crystal_walls, temple_statues,
          nicolae_ossuary_entry_plus, minmay_large_rounded_square,
          feat_on_display, uniq_sigmund
D:6:      layout_cave_pods, nicolae_ru_awakened_eye, lemuel_crystal_altar,
          uniq_maggie

Skill      XL: |  1  2  3  4  5 |
---------------+----------------+-----
Fighting       | 3 4 5 |  5.0
Polearms       | 2 |  2.7
Stealth        | |  1.0
Shields        | |  1.0
Spellcasting   | |  4.5

Action                   |  1- 3 |  4- 6 || total
-------------------------+-------+-------++-------
Melee: Spear             |   158 |   137 ||   295
 Cast: Corona            |     4 |       ||     4
       Sandblast         |       |     3 ||     3
  Use: Potion            |     2 |     4 ||     6
       Scroll            |       |     6 ||     6
 Stab: Sleeping          |     2 |       ||     2
Armor: Robe              |    13 |       ||    13
       Ring mail         |    35 |    45 ||    80
       Skin              |       |     5 ||     5
Dodge: Dodged            |    70 |    58 ||   128

Table legend: (Time is in decaauts)
 A = Elapsed time spent in this place.
 B = Non-inter-level travel time spent in this place.
 C = Inter-level travel time spent in this place.
 D = Time resting spent in this place.
 E = Time spent auto-exploring this place.
 F = Levels seen in this place.
 G = Mean time per level.
                   A        B        C        D        E       F      G
               +--------+--------+--------+--------+--------+-----+--------+
         Total |   3103 |   3042 |     61 |     10 |   2255 |   5 |  620.6 |
       Dungeon |   3103 |   3042 |     61 |     10 |   2255 |   5 |  620.6 |
               +--------+--------+--------+--------+--------+-----+--------+

Top non-repeatable levels by time:
     D:1: 1123 daAuts
     D:2: 1099 daAuts
     D:3: 779 daAuts
     D:5: 70 daAuts
     D:6: 30 daAuts
